 Dungeon Crawl Stone Soup version 0.23-a0-4-g8f018a2 (webtiles) character file.

12371 galech the Cleaver (level 11, -8/100 HPs)
             Began as a Deep Dwarf Fighter on July 31, 2018.
             Was a Priest of Elyvilon.
             Mangled by a stone giant (27 damage)
             ... on level 1 of the Orcish Mines.
             The game lasted 00:28:22 (9980 turns).

galech the Cleaver (Deep Dwarf Fighter)             Turns: 9980, Time: 00:28:24

Health: -8/100     AC: 13    Str: 19    XL:     11   Next: 61%
Magic:  13/13      EV: 17    Int: 10    God:    Elyvilon [***...]
Gold:   656        SH: 12    Dex: 19    Spells: 10/10 levels left

rFire    . . .     SeeInvis .   P - +0 broad axe
rCold    . . .     Gourm    .   c - +0 shield
rNeg     . . .     Faith    .   K - +0 steam dragon scales
rPois    .         Spirit   .   B - +0 helmet
rElec    .         Reflect  .   W - +2 cloak
rCorr    .         Harm     .   (no gloves)
MR       +....                  v - +0 pair of boots
Stlth    ++........             h - amulet of magic regeneration
HPRegen  0.00/turn              U - +4 ring of evasion
MPRegen  0.38/turn              A - +4 ring of dexterity

@: non-regenerating
A: damage resistance, heal wounds, sense surroundings 2, no regeneration
a: Heal Wounds, Lesser Healing, Heal Other, Purification, Divine Protection,
Renounce Religion


You were on level 1 of the Orcish Mines.
You worshipped Elyvilon.
Elyvilon was most pleased with you.
You were not hungry.

You visited 3 branches of the dungeon, and saw 13 of its levels.

You collected 955 gold pieces.
You spent 299 gold pieces at shops.

Inventory:

Hand Weapons
 a - a +0 war axe
 P - a +0 broad axe (weapon)
 Z - the +3 mace of Agaew {venom, *Noise Str+2 Stlth+}
   (You found it on level 10 of the Dungeon)

   It poisons the flesh of those it strikes.
   It affects your strength (+2).
   It may make noises in combat.
   It makes you more stealthy.
Armour
 c - a +0 shield (worn)
 u - the +1 robe "Doupp" {Int+2}
   (You took it off an orc on level 11 of the Dungeon)

   It affects your intelligence (+2).
 v - a +0 pair of boots (worn)
 y - a +2 robe of cold resistance
 B - a +0 helmet (worn)
 I - a scarf of cloud immunity
 J - the +0 robe of Elitism {rCorr Int+2}
   (You found it on level 11 of the Dungeon)

   It affects your intelligence (+2).
   It provides partial protection from all sources of acid and corrosion.
 K - +0 steam dragon scales (worn)
 W - a +2 cloak (worn)
Jewellery
 h - an amulet of magic regeneration (around neck)
 l - an uncursed ring of protection from cold
 A - a +4 ring of dexterity (right hand)
 M - an uncursed ring of flight {unknown}
 R - the ring of Ygomey {rN+ Int+3}
   (You found it on level 9 of the Dungeon)

   [ring of positive energy]

   It affects your intelligence (+3).
   It protects you from negative energy.
 U - a +4 ring of evasion (left hand)
Scrolls
 b - 2 scrolls of blinking
 g - a scroll of enchant weapon
 i - 2 scrolls of fog
 j - 3 scrolls of remove curse
 m - 6 scrolls of magic mapping
 t - a scroll of identify
 x - a scroll of teleportation
 H - 3 scrolls of fear
 L - 3 scrolls of summoning {unknown}
 N - 3 scrolls of enchant armour {unknown}
 V - a scroll of random uselessness {unknown}
 Y - a scroll of amnesia {unknown}
Potions
 d - 4 potions of might
 e - 8 potions of heal wounds
 k - a potion of invisibility
 n - 4 potions of curing
 o - 4 potions of mutation {unknown}
 p - 5 potions of lignification {unknown}
 q - 3 potions of agility {unknown}
 s - a potion of cancellation {unknown}
 w - 2 potions of resistance {unknown}
 z - a potion of berserk rage
 C - 3 potions of flight {unknown}
 D - 4 potions of magic {unknown}
 E - 2 potions of ambrosia {unknown}
 F - 6 potions of degeneration {unknown}
 G - 2 potions of brilliance {unknown}
 X - 3 potions of haste {unknown}
Comestibles
 f - 30 rations


   Skills:
 + Level 7.2 Fighting
 + Level 10.9 Axes
 + Level 9.0 Armour
 - Level 3.2 Dodging
 - Level 1.4 Stealth
 + Level 9.3 Shields
 * Level 10.7 Invocations


You had 10 spell levels left.
You didn't know any spells.
Your spell library contained the following spells:

 Spells                   Type           Power        Failure   Level  Hunger
 Magic Dart               Conj           #...         61%         1    ##.....
 Apportation              Tloc           #.....       61%         1    ##.....
 Conjure Flame            Conj/Fire      #.......     93%         3    ####...
 Slow                     Hex            #.......     75%         2    ###....
 Mephitic Cloud           Conj/Pois/Air  #.......     93%         3    ####...
 Summon Small Mammal      Summ           #...         61%         1    ##.....
 Blink                    Tloc           N/A          75%         2    ###....
 Animate Skeleton         Necr           N/A          61%         1    ##.....
 Call Imp                 Summ           #.......     75%         2    ###....
 Stone Arrow              Conj/Erth      #.....       93%         3    ####...
 Confusing Touch          Hex            #.....       61%         1    ##.....
 Passwall                 Tmut/Erth      #.......     75%         2    ###....
 Lee's Rapid Deconstruct  Erth           #.........   100%        5    ######.
 Sandblast                Erth           #.....       61%         1    ##.....
 Petrify                  Tmut/Erth      #.......     100%        4    #####..


Dungeon Overview and Level Annotations

Branches:
Dungeon (11/15)            Temple (1/1) D:4            Lair (0/6) D:11
    Orc (1/2) D:11

Altars:
Ashenzari
Cheibriados
Dithmenos
Elyvilon
Fedhas
Gozag
Hepliaklqana
Kikubaaqudgha
Makhleb
Nemelex Xobeh
Okawaru
Qazlal
Ru
Sif Muna
Trog
Uskayaw
Vehumet
Wu Jian
Xom
Yredelemnul
Zin
The Shining One

Shops:
D:8 (   D:9 !


Innate Abilities, Weirdness & Mutations

You are resistant to damage.
You can heal yourself by infusing magical energy.
You passively map the area around you.
You do not regenerate.


Message History

You are too injured to fight recklessly!
You hit the stone giant.
The stone giant is lightly wounded.
You hit the orc warrior but do no damage.
You barely miss the orc wizard. You slash the orc wizard!
You barely miss the orc.
The orc warrior no longer looks unusually strong.
You block the orc wizard's attack. The orc closely misses you.
You block the orc warrior's attack. The orc wizard casts a spell at you.
The puff of flame hits you!
* * * LOW HITPOINT WARNING * * *
The orc warrior hits you with a hand axe.
You hit the stone giant but do no damage.
The stone giant is lightly wounded.
You hit the orc. You closely miss the orc wizard. You hit the orc wizard.
You hit the orc warrior but do no damage.
The orc wizard hits you with a dagger. The orc barely misses you.
The stone giant hits you!!
You die...

, , , , *..
*.####.#.. * ,,
.$.......,, ##
......... ,
###.##.$.....#, *,
##..(.oo....... ,
#....oooo...... *
###. #@oo#....., ,
, * *
#....###C#.#.... ,
, ,
.....#.#oo..>..., ,
, ,
*#.........o..... ,
, ,##.#.#o..##.....
, , ,, ,
#....oo.##.#....,,,
, ,,
#...............,,
, .#.ooo.)........,
, , , , ,,,
................


You could see a stone giant, 4 orc warriors, 2 orc wizards and 5 orcs.

Vanquished Creatures
  Fannar (D:11)
  A two-headed ogre (D:8)
  An unseen horror (D:11)
  2 ugly things (D:10)
  A centaur skeleton (D:10)
  3 trolls
  Prince Ribbit (D:8)
  Grinder (D:3)
  2 hornets
  A hippogriff (D:11)
  3 hungry ghosts
  3 steam dragons
  A soldier ant (D:8)
  A warg (Orc:1)
  Edmund (D:4)
  3 water moccasins
  Purgy (D:3)
  2 porcupines (D:11)
  2 eyes of draining (D:11)
  3 sky beasts
  2 ice beasts
  4 orc warriors
  A black bear (D:6)
  A necrophage (D:7)
  6 ogres
  A phantom (D:8)
  6 centaurs
  A crocodile (D:11)
  4 big kobolds
  A gnoll sergeant (D:9)
  7 bullfrogs
  4 scorpions
  5 killer bees (D:9)
  5 howler monkeys
  4 wights (D:10)
  4 crimson imps
  A centaur zombie (D:11)
  A quasit (D:10)
  A bullfrog zombie (D:8)
  5 jellies
  6 hounds
  11 orc wizards
  7 orc priests
  4 bullfrog skeletons
  A gnoll shaman (D:8)
  8 worker ants
  7 iguanas
  A hound zombie (D:8)
  Robin (D:3)
  A worker ant zombie (D:5)
  13 adders
  14 gnolls
  2 shadow imps
  2 oozes
  An adder zombie (D:5)
  An adder skeleton (D:4)
  3 dart slugs
  54 orcs
  5 giant cockroaches
  22 goblins
  16 hobgoblins
  12 jackals
  3 quokkas
  7 bats
  7 frilled lizards
  A jackal skeleton (D:4)
  26 kobolds
  A quokka zombie (D:7)
  7 rats
  5 fungi
347 creatures vanquished.

Vanquished Creatures (others)
  An orc knight (Orc:1)
  A shadow imp (D:11)
  A quokka skeleton (D:6)
  A fungus (D:6)
4 creatures vanquished.

Grand Total: 351 creatures vanquished

Notes
Turn   | Place    | Note
-------+----------+-------------------------------------------
     0 | D:1      | galech the Deep Dwarf Fighter began the quest for the Orb.
     0 | D:1      | Reached XP level 1. HP: 20/20 MP: 1/1
   301 | D:1      | Reached XP level 2. HP: 22/27 MP: 2/2
   720 | D:1      | Reached XP level 3. HP: 14/34 MP: 3/3
  1038 | D:2      | Reached XP level 4. HP: 33/42 MP: 4/4
  1582 | D:3      | Reached skill level 1 in Dodging
  1661 | D:3      | Noticed Purgy
  1709 | D:3      | Killed Purgy
  1709 | D:3      | Reached XP level 5. HP: 22/49 MP: 5/5
  1732 | D:3      | Noticed Grinder
  1747 | D:3      | Killed Grinder
  1747 | D:3      | Reached XP level 6. HP: 42/56 MP: 5/5
  1763 | D:3      | Reached skill level 5 in Shields
  1770 | D:3      | Reached skill level 5 in Armour
  1831 | D:3      | Found a basalt altar of Yredelemnul.
  1977 | D:3      | Noticed Robin
  2002 | D:3      | Reached XP level 7. HP: 46/63 MP: 6/6
  2003 | D:3      | Killed Robin
  2220 | D:4      | Reached skill level 5 in Axes
  2276 | D:4      | Noticed Edmund
  2309 | D:4      | Killed Edmund
  2744 | D:4      | Found a staircase to the Ecumenical Temple.
  2800 | Temple   | Entered the Ecumenical Temple
  3051 | Temple   | Became a worshipper of Elyvilon the Healer
  3164 | D:5      | Entered Level 5 of the Dungeon
  3203 | D:5      | Reached XP level 8. HP: 55/72 MP: 6/6
  3253 | D:5      | Found a shadowy altar of Dithmenos.
  3291 | D:5      | Found a glowing golden altar of the Shining One.
  3466 | D:5      | Reached * piety under Elyvilon
  3579 | D:5      | Found an iron altar of Okawaru.
  3581 | D:5      | Found a shattered altar of Ashenzari.
  3581 | D:5      | Found a hide-covered altar of Uskayaw.
  3706 | D:5      | HP: 2/72 [ogre/giant club (10)]
  3756 | D:5      | Found a shadowy altar of Dithmenos.
  3999 | D:6      | Reached skill level 1 in Invocations
  4047 | D:6      | Found an ancient bone altar of Kikubaaqudgha.
  4332 | D:6      | Found a burning altar of Makhleb.
  4453 | D:6      | Gained mutation: You passively map the area around you. [Deep Dwarf growth]
  4453 | D:6      | Reached XP level 9. HP: 6/79 MP: 8/8
  4529 | D:6      | Found a bloodstained altar of Trog.
  4968 | D:7      | Noticed Prince Ribbit
  5700 | D:7      | Reached skill level 1 in Stealth
  5885 | D:7      | Reached skill level 5 in Fighting
  5923 | D:7      | Reached ** piety under Elyvilon
  6427 | D:7      | Got a transparent leather armour
  6438 | D:7      | Identified the cursed +0 leather armour of the Guilds {Int+4} (You found it on level 7 of the Dungeon)
  6577 | D:8      | Noticed a two-headed ogre
  6586 | D:8      | Killed a two-headed ogre
  6586 | D:8      | Reached skill level 5 in Invocations
  6598 | D:8      | Found a shattered altar of Ashenzari.
  6677 | D:8      | Reached XP level 10. HP: 65/91 MP: 9/9
  7029 | D:8      | Killed Prince Ribbit
  7056 | D:8      | Found Ymopoefu's Antique Weapon Boutique.
  7312 | D:9      | Reached *** piety under Elyvilon
  7406 | D:9      | Got a glittering platinum ring
  7408 | D:9      | Identified the ring of Ygomey {rN+ Int+3} (You found it on level 9 of the Dungeon)
  7568 | D:9      | Found Jeycisupn's Distillery.
  7581 | D:9      | Reached skill level 10 in Axes
  7587 | D:9      | Bought a potion of heal wounds for 65 gold pieces
  7587 | D:9      | Bought a potion of curing for 39 gold pieces
  7587 | D:9      | Bought a potion of heal wounds for 65 gold pieces
  7587 | D:9      | Bought 2 potions of heal wounds for 130 gold pieces
  7749 | D:9      | Paralysed by a hornet for 3 turns
  7983 | D:10     | Entered Level 10 of the Dungeon
  8415 | D:10     | Got a fine mace
  8416 | D:10     | Identified the +3 mace of Agaew {venom, *Noise Str+2 Stlth+} (You found it on level 10 of the Dungeon)
  8469 | D:10     | Found the +6 arbalest "Damnation" {damnation}
  8969 | D:11     | Reached XP level 11. HP: 90/99 MP: 12/12
  8978 | D:11     | Noticed a cyan ugly thing
  9006 | D:10     | Killed a cyan ugly thing
  9058 | D:11     | Noticed Fannar
  9164 | D:11     | Noticed a purple ugly thing
  9195 | D:10     | Killed a purple ugly thing
  9258 | D:11     | Killed Fannar
  9258 | D:11     | Reached skill level 10 in Invocations
  9272 | D:11     | Got a fabulously ornate robe
  9293 | D:11     | Identified the +1 robe "Doupp" {Int+2} (You took it off an orc on level 11 of the Dungeon)
  9490 | D:11     | Got a heavily jewelled robe
  9501 | D:11     | Identified the cursed +0 robe of Elitism {rCorr Int+2} (You found it on level 11 of the Dungeon)
  9577 | D:11     | Killed an unseen horror
  9667 | D:11     | Found a staircase to the Orcish Mines.
  9755 | D:11     | Found a blossoming altar of Fedhas.
  9869 | D:11     | Found a staircase to the Lair.
  9939 | Orc:1    | Entered Level 1 of the Orcish Mines
  9951 | Orc:1    | Noticed an orc knight
  9969 | Orc:1    | Noticed a stone giant
  9976 | Orc:1    | Killed an orc knight
  9980 | Orc:1    | Mangled by a stone giant

Vault maps used:
D:1:      dpeg_arrival_leaves_temple_mockup
D:3:      lemuel_crystal_altar, first_ration, uniq_grinder, uniq_purgy,
          uniq_robin
D:4:      temple_hall, minmay_liquid_box, uniq_edmund
D:5:      old_standard_altar, grunt_temple_overflow_open,
          nicolae_dithmenos_through_a_glass_darkly
D:6:      kennysheep_steamy, kiku_gazebo_pond_becter, lightli_temple_of_fire,
          trog_hazing_becter
D:7:      uniq_prince_ribbit1
D:8:      serial_shops, nicolae_shop_crystal, blue_anna_alchemist,
          cheibrodos_ashenzari_chains
D:9:      minivault_23, kennysheep_windowed_goal
D:11:     grunt_lair_entry_orc_guard_hut, hiddenorc1_lemuel, basic_altar,
          stair_cage_open, uniq_fannar
Temple:   minmay_temple_curvy_branch
Orc:1:    basic_altar

Skill      XL: |  1  2  3  4  5  6  7  8  9 10 11 |
---------------+----------------------------------+-----
Fighting       | 3 4 5 6 7 |  7.2
Axes           | 3 4 6 8 9 10 | 10.9
Dodging        | 1 2 3 |  3.2
Armour         | 4 5 6 7 8 9 |  9.0
Shields        | 4 5 6 7 8 9 |  9.3
Invocations    | 1 5 9 10 | 10.7
Stealth        | 1 |  1.4

Action                   |  1- 3 |  4- 6 |  7- 9 | 10-12 || total
-------------------------+-------+-------+-------+-------++-------
Melee: War axe           |    76 |   188 |   493 |    30 ||   787
       Broad axe         |       |       |       |   651 ||   651
Invok: Lesser Healing    |       |       |    25 |    83 ||   108
 Abil: Heal Wounds       |     1 |     4 |    11 |     3 ||    19
  Use: Scroll            |       |       |     8 |     4 ||    12
 Stab: Sleeping          |       |       |     3 |     9 ||    12
  Eat: Chunk             |       |     4 |    19 |    25 ||    48
       Ration            |       |       |     1 |     4 ||     5
Armor: Scale mail        |    28 |       |       |       ||    28
       Chain mail        |     5 |   188 |   156 |       ||   349
       Steam dragon scal |       |       |    51 |   192 ||   243
Dodge: Dodged            |    16 |    66 |   187 |   391 ||   660
Block: Shield            |    46 |   135 |   296 |   421 ||   898

Table legend:
 A = Spawn XP
 B = Non-spawn XP
 C = Spawn XP percentage of total XP
 D = Spawn monster count
 E = Non-spawn monster count
 F = Spawn count percentage of total count
 G = Total turns spent on level
                    A         B        C        D         E        F      G
               +---------+---------+-------+---------+---------+-------+---------
         Total |       0 |   17674 |   0.0 |       0 |     344 |   0.0 |  9980
               +---------+---------+-------+---------+---------+-------+---------
           D:1 |       0 |      58 |   0.0 |       0 |      26 |   0.0 |   847
           D:2 |       0 |      65 |   0.0 |       0 |      18 |   0.0 |   666
           D:3 |       0 |     633 |   0.0 |       0 |      42 |   0.0 |   615
           D:4 |       0 |     627 |   0.0 |       0 |      20 |   0.0 |   759
           D:5 |       0 |     632 |   0.0 |       0 |      16 |   0.0 |   772
           D:6 |       0 |     835 |   0.0 |       0 |      25 |   0.0 |  1723
           D:7 |       0 |    1024 |   0.0 |       0 |      33 |   0.0 |   803
           D:8 |       0 |    2487 |   0.0 |       0 |      29 |   0.0 |   775
           D:9 |       0 |    2129 |   0.0 |       0 |      33 |   0.0 |   746
          D:10 |       0 |    3650 |   0.0 |       0 |      37 |   0.0 |  1103
          D:11 |       0 |    4714 |   0.0 |       0 |      54 |   0.0 |   853
         Orc:1 |       0 |     820 |   0.0 |       0 |      11 |   0.0 |    41
               +---------+---------+-------+---------+---------+-------+---------
